 Dungeon Crawl Stone Soup version 0.31-a0-955-gcb8bc90ed4 (webtiles) character file.

Game seed: 14759019637732832400

269 Morbidden the Firebug (level 6, -1/64 HPs)
             Began as a Demonspawn Fire Elementalist on Oct 22, 2023.
             Succumbed to a killer bee's poison
             ... on level 4 of the Dungeon.
             The game lasted 00:03:57 (3973 turns).

Morbidden the Firebug (DsFE)                        Turns: 3973, Time: 00:03:57

Health: -1/64      AC:  4    Str:  8    XL:     6   Next: 1%
Magic:  2/11       EV: 12    Int: 18    God:
Gold:   129        SH:  0    Dex: 14    Spells: 8/11 levels left

rFire   . . .        (no weapon)
rCold   . . .        (no shield)
rNeg    . . .        a - +0 robe
rPois   .            (no helmet)
rElec   .            (no cloak)
rCorr   .            (no gloves)
SInv    .            (no boots)
Will    .....        k - amulet of the acrobat Stlth
                     (no ring)
HPRegen 0.30/turn    (no ring)
MPRegen 0.12/turn

%: acrobat
@: berserking (expiring), lethally poisoned (-1 -> -16), very quick
A: molten scales 1, spiny 2
a: no special abilities


You were on level 4 of the Dungeon.
You visited 1 branch of the dungeon, and saw 4 of its levels.

You collected 129 gold pieces.

Inventory:

Armour
 a - a +0 robe (worn)
Jewellery
 k - an amulet of the acrobat (around neck)
Scrolls
 d - 8 scrolls of identify {unknown}
 e - 6 scrolls of teleportation {unknown}
 h - a scroll of immolation {unknown}
 i - a scroll of fog {unknown}
 m - a scroll of amnesia {unknown}
 n - a scroll of fear {unknown}
 o - a scroll of enchant armour {unknown}
 q - a scroll of revelation {unknown}
 r - a scroll of brand weapon {unknown}
Potions
 b - a potion of magic
 c - a potion of heal wounds {unknown}
 f - a potion of mutation {unknown}
 g - a potion of berserk rage
 j - 2 potions of attraction {unknown}
 l - a potion of haste {unknown}
 p - a potion of lignification {unknown}


   Skills:
 * Level 1.5 Fighting
 * Level 2.4 Dodging
 + Level 2.1 Stealth
 + Level 0.1 Unarmed Combat
 * Level 3.4 Spellcasting
 * Level 2.3 Conjurations
 * Level 4.1 Fire Magic


You had 8 spell levels left.
You knew the following spells:

 Your Spells              Type           Power      Damage    Failure   Level
a - Foxfire               Conj/Fire      56%        2x1d6     4%          1
b - Scorch                Fire           34%        2d6       4%          2

Your spell library contained the following spells:

 Spells                   Type           Power      Damage    Failure   Level
 Inner Flame              Hex/Fire       10%        N/A       21%         3
 Volatile Blastmotes      Fire/Tloc      20%        2d11      21%         3
 Flame Wave               Conj/Fire      14%        2d6       38%         4


Dungeon Overview and Level Annotations

Branches:
Dungeon (4/15)
 Temple: D:4-7

Altars:
Okawaru

Shops:
D:1 !   D:2 !

Annotations:
D:3 2 transporters, Nedwor's ghost, weakling DsGl


Innate Abilities, Weirdness & Mutations

You are partially covered in molten scales. (AC +2)
You are mostly covered in sharp spines.


Message History

A red film seems to cover your vision as you go berserk!
You feel yourself moving faster!
You feel mighty!
* * * LOW HITPOINT WARNING * * *
You feel very sick.
The foxfire hits the killer bee.
The killer bee is severely wounded.
The foxfire hits the killer bee.
You kill the killer bee!
The foxfire hits the killer bee.
The killer bee is almost dead.
The killer bee stings you!
* * * LOW HITPOINT WARNING * * *
You are more poisoned.
The killer bee poisons you!
The foxfire hits the killer bee.
You kill the killer bee!
Your Fire Magic skill increases to level 4!
You have reached level 6!
Your demonic ancestry asserts itself...
Molten scales grow over part of your body.
Unknown command.
Unknown command.
Unknown command.
You are too berserk!
Unknown command.
Unknown command.
You feel a strong urge to attack something.
* * * LOW HITPOINT WARNING * * *
You feel very sick.
Unknown command.
Unknown command.
* * * LOW HITPOINT WARNING * * *
You feel very sick.
Unknown command.
Unknown command.
You feel your anger nearly subside.
* * * LOW HITPOINT WARNING * * *
You feel sick.
Unknown command.
You barely miss the killer bee.
You die...

.#........<........
.#..................#
.'..................#
.##+####.........)..#
.##...##............#
......##......###...#
.##...###'#######...# .
†##............+....# ..
...............#@...# ...
...............#.y..# ....
...............#...y# .....
.##...##..##'######'#......
########..#............#
#........#............#
#........#............#
#........#............#
##+#######............#


You could see 2 killer bees.

Vanquished Creatures
  3 killer bees (D:4)
  A hound (D:4)
  4 adders
  3 worms
  2 dart slugs
  2 orcs (D:3)
  7 ball pythons
  4 endoplasms
  5 hobgoblins
  5 quokkas
  9 bats
  3 frilled lizards
  4 goblins
  4 kobolds
  8 rats
64 creatures vanquished.

Vanquished Creatures (others)
  217 foxfires
217 creatures vanquished.

Grand Total: 281 creatures vanquished

Notes
Turn   | Place    | Note
-------+----------+-------------------------------------------
     0 | D:1      | Morbidden the Demonspawn Fire Elementalist began the quest
                  | for the Orb.
     0 | D:1      | Reached XP level 1. HP: 13/13 MP: 3/3
   354 | D:1      | Reached skill level 3 in Fire Magic
   406 | D:1      | Gained mutation: You are partially covered in sharp spines.
                  | [demonic ancestry]
   406 | D:1      | Reached XP level 2. HP: 19/19 MP: 3/5
   858 | D:1      | Found Sajir's Distillery.
  1079 | D:1      | Learned a level 2 spell: Scorch
  1269 | D:1      | Found a faded altar of an unknown god.
  1409 | D:2      | Reached XP level 3. HP: 24/25 MP: 1/6
  1715 | D:2      | Found Jeegiesa's Distillery.
  2034 | D:2      | Found an iron altar of Okawaru.
  3152 | D:3      | Found a transporter.
  3152 | D:3      | Noticed Nedwor's ghost (weakling DsGl)
  3156 | D:3      | Found a transporter.
  3178 | D:3      | Reached XP level 4. HP: 31/31 MP: 3/7
  3862 | D:4      | Reached skill level 1 in Fighting
  3862 | D:4      | Gained mutation: You are mostly covered in sharp spines.
                  | [demonic ancestry]
  3862 | D:4      | Reached XP level 5. HP: 33/37 MP: 2/9
  3970 | D:4      | Reached skill level 4 in Fire Magic
  3970 | D:4      | Gained mutation: You are partially covered in molten
                  | scales. (AC +2) [demonic ancestry]
  3970 | D:4      | Reached XP level 6. HP: 11/43 MP: 2/11
  3972 | D:4      | HP: 2/64 [poisoned by a killer bee]
  3973 | D:4      | Succumbed to a killer bee's poison

Illustrated notes

Levels and vault maps discovered:
D:1:      lemuel_arrival_behind_the_door_small, layout_basic, serial_shops,
          shop, hellmonk_ecumenical_altar_arch_garden, hex_tiny,
          chequers_serial_rivers_micro_d, hangedman_feature_mirror, st_stairs_12
D:2:      layout_basic, basic_altar, serial_shops, shop,
          corexii_leaking_fountain, grunt_ministairs_2
D:3:      minmay_diamond_boxcup, layout_loops_cross, gammafunk_ghost_arena
D:4:      layout_gridville, uniq_blork_the_orc

Skill      XL: |  1  2  3  4  5 |
---------------+----------------+-----
Dodging        | 2 |  2.4
Fire Magic     | 3 4 |  4.1
Fighting       | 1 |  1.5
Spellcasting   | 3 |  3.4
Conjurations   | 2 |  2.3
Stealth        | 2 |  2.1
Unarmed Combat | |  0.1

Action                     |  1- 3 |  4- 6 || total
---------------------------+-------+-------++-------
  Melee: Unarmed           |     6 |     1 ||     7
   Cast: Foxfire           |    96 |    35 ||   131
         Scorch            |     7 |     5 ||    12
    Use: Potion            |       |     1 ||     1
 Armour: Robe              |    18 |     7 ||    25
  Dodge: Dodged            |    16 |     7 ||    23

Table legend: (Time is in decaauts)
 A = Elapsed time spent in this place.
 B = Non-inter-level travel time spent in this place.
 C = Inter-level travel time spent in this place.
 D = Time resting spent in this place.
 E = Time spent auto-exploring this place.
 F = Levels seen in this place.
 G = Mean time per level.
                   A        B        C        D        E       F      G
               +--------+--------+--------+--------+--------+-----+--------+
         Total |   3971 |   3862 |    109 |    307 |   3168 |   4 |  992.8 |
       Dungeon |   3971 |   3862 |    109 |    307 |   3168 |   4 |  992.8 |
               +--------+--------+--------+--------+--------+-----+--------+

Top non-repeatable levels by time:
     D:1: 1392 daAuts
     D:3: 1233 daAuts
     D:2: 1169 daAuts
     D:4: 175 daAuts
